 Dungeon Crawl Stone Soup version 0.31.0-12-g77e489cdc1 (webtiles) character file.

Game seed: 6941886298285136907

564 Marvel the Shield-Bearer (level 7, -4/67 HPs)
             Began as a Troll Fighter on Feb 14, 2024.
             Was an Initiate of Okawaru.
             Slain by a gnoll sergeant
             ... wielding a +0 trident
              (10 damage)
             ... on level 4 of the Dungeon.
             The game lasted 00:04:37 (2826 turns).

Marvel the Shield-Bearer (Troll Fighter)            Turns: 2826, Time: 00:04:38

Health: -4/67      AC:  4    Str: 27    XL:     7   Next: 10%
Magic:  6/6        EV:  9    Int:  4    God:    Okawaru [......]
Gold:   241        SH:  8    Dex:  9    Spells: 6/6 levels left

rFire   . . .        m - +1 falchion (venom)
rCold   . . .        c - +0 kite shield
rNeg    . . .        b - +0 robe
rPois   .            (helmet restricted)
rElec   .            (no cloak)
rCorr   .            (gloves unavailable)
SInv    +            (boots unavailable)
Will    .....        l - amulet of regeneration
Stlth   +            w - ring of see invisible
HPRegen 1.91/turn    (no ring)
MPRegen 0.10/turn

%: no passive effects
@: lethally poisoned (-4 -> -5)
A: large, unfitting armour, claws 3, regeneration 1, shaggy fur 1, tough skin 1
a: Renounce Religion


You were on level 4 of the Dungeon.
You worshipped Okawaru.
Okawaru was noncommittal.
You visited 1 branch of the dungeon, and saw 4 of its levels.

You collected 241 gold pieces.

Inventory:

Hand Weapons
 a - a +0 war axe
 m - a +1 falchion of venom (weapon)
Missiles
 f - 3 poisoned darts (quivered)
 s - a throwing net
Armour
 b - a +0 robe (worn)
 c - a +0 kite shield (worn)
Jewellery
 l - an amulet of regeneration (around neck)
 w - a ring of see invisible (left claw)
Scrolls
 g - a scroll of brand weapon {unknown}
 h - a scroll of enchant weapon {unknown}
 i - 3 scrolls of teleportation {unknown}
 k - a scroll of noise {unknown}
 p - a scroll of revelation {unknown}
 q - a scroll of enchant armour {unknown}
 r - 8 scrolls of identify {unknown}
 t - a scroll of poison {unknown}
 u - a scroll of amnesia {unknown}
Potions
 d - a potion of might
 j - a potion of haste {unknown}
 n - 4 potions of curing
 o - a potion of lignification {unknown}
 v - a potion of brilliance {unknown}
 x - a potion of enlightenment {unknown}


   Skills:
 + Level 3.4 Fighting
 + Level 3.5 Long Blades
 + Level 2.3 Axes
 + Level 3.6 Dodging
 + Level 0.3 Stealth
 + Level 4.0 Shields


You had 6 spell levels left.
You didn't know any spells.
Your spell library contained the following spells:

 Spells                   Type           Power      Damage    Failure   Level
 Apportation              Tloc           0%         N/A       75%         1
 Kiss of Death            Conj/Necr      0%         2d5       75%         1
 Necrotise                Necr           0%         1d4       75%         1
 Sting                    Conj/Alch      0%         1d3       75%         1
 Jinxbite                 Hex            0%         N/A       86%         2
 Scorch                   Fire           0%         2d5       86%         2
 Static Discharge         Conj/Air       0%         3-3/arc   86%         2
 Confusing Touch          Hex            0%         N/A       98%         3
 Airstrike                Air            0%         2d(0-16)  100%        4
 Dispel Undead            Necr           0%         3d6       100%        4
 Flame Wave               Conj/Fire      0%         2d4       100%        4
 Alistair's Intoxication  Alch           0%         N/A       100%        5
 Summon Small Mammal      Summ           Unusable   N/A       N/A         1
 Summon Lightning Spire   Summ/Air       Unusable   N/A       N/A         4
 Summon Cactus Giant      Summ           Unusable   N/A       N/A         6

Dungeon Overview and Level Annotations

Branches:
Dungeon (4/15)
 Temple: D:4-7

Altars:
Okawaru

Shops:
D:2 (


Innate Abilities, Weirdness & Mutations

You are too large for most types of armour.
You have claws for hands.
Your natural rate of healing is unusually fast.
You are covered in fur. (AC +1)
You have tough skin. (AC +1)


Message History

The gnoll sergeant is poisoned.
You feel very sick. The gnoll misses you. The gnoll closely misses you.
You block the gnoll sergeant's attack. The gnoll sergeant blocks your attack.
You feel sick. The gnoll closely misses you.
The gnoll sergeant hits you with a +0 trident.
You block the gnoll's attack.
You hit the gnoll sergeant but do no damage.
The gnoll sergeant looks even sicker.
The gnoll sergeant is lightly wounded.
You feel sick. The gnoll closely misses you.
The gnoll hits you from afar with a +1 spear of venom.
You are more poisoned.
You block the gnoll sergeant's attack.
You hit the gnoll sergeant.
The gnoll sergeant looks as sick as possible!
The gnoll sergeant is moderately wounded.
You feel very sick.
The gnoll hits you from afar with a +0 spear!
The gnoll closely misses you.
The gnoll sergeant hits you with a +0 trident! x2
The gnoll misses you.
The gnoll hits you from afar with a +1 spear of venom.
* * * LOW HITPOINT WARNING * * *
You are more poisoned.
You feel very sick.
The gnoll sergeant hits you from afar with a +0 trident.
* * * LOW HITPOINT WARNING * * *
You feel very sick.
There is an open door here.
You feel very sick.
The gnoll sergeant attacks as it pursues you!
The gnoll sergeant hits you from afar with a +0 trident.
* * * LOW HITPOINT WARNING * * *
You feel very sick.
You feel sick.
The gnoll sergeant attacks as it pursues you!
The gnoll sergeant hits you from afar with a +0 trident!
You die...

##.....# #....<.####
##.........
##..#.#### #..#.#
#..#.# ##....# ##
##...### ...
..#....@## ....
#.......## .....
#........g####g.....
+.........'g).g.....
#.........####g.....
##.......## .....
##.....## #.#.
##...## # ##+#


You could see a gnoll sergeant (very poisoned) and a gnoll.

Vanquished Creatures
  Duvessa (D:4)
  An ogre (D:4)
  Dowan (D:4)
  Jessica (D:3)
  Terence (D:3)
  An orc wizard (D:3)
  Robin (D:3)
  8 gnolls
  5 adders (D:2)
  A dart slug (D:2)
  3 ribbon worms
  9 orcs (D:3)
  7 ball pythons
  3 bats
  8 endoplasms
  3 giant cockroaches
  20 goblins
  6 hobgoblins
  3 jackals (D:1)
  8 kobolds
  4 quokkas
  4 frilled lizards
  8 rats
107 creatures vanquished.

Notes
Turn   | Place    | Note
-------+----------+-------------------------------------------
     0 | D:1      | Marvel the Troll Fighter began the quest for the Orb.
     0 | D:1      | Reached XP level 1. HP: 22/22 MP: 0/0
   179 | D:1      | Reached XP level 2. HP: 29/29 MP: 1/1
   491 | D:1      | Reached skill level 3 in Shields
   801 | D:2      | Reached XP level 3. HP: 36/36 MP: 2/2
   912 | D:2      | Reached XP level 4. HP: 33/44 MP: 3/3
  1083 | D:2      | Reached skill level 1 in Long Blades
  1099 | D:2      | Found Qaont's Weapon Shoppe.
  1353 | D:2      | Reached XP level 5. HP: 52/52 MP: 4/4
  1761 | D:3      | Noticed Robin
  1802 | D:3      | Killed Robin
  1860 | D:3      | Noticed Terence
  1871 | D:3      | Killed Terence
  1872 | D:3      | Reached XP level 6. HP: 58/61 MP: 5/5
  2169 | D:3      | Found an iron altar of Okawaru.
  2174 | D:3      | Became a worshipper of Warmaster Okawaru
  2334 | D:3      | Noticed Jessica
  2341 | D:3      | Killed Jessica
  2714 | D:4      | Noticed Duvessa
  2714 | D:4      | Noticed Dowan
  2732 | D:4      | Killed Duvessa
  2733 | D:4      | Reached skill level 4 in Shields
  2741 | D:4      | Killed Dowan
  2742 | D:4      | Reached XP level 7. HP: 34/67 MP: 6/6
  2826 | D:4      | Slain by a gnoll sergeant

Illustrated notes

Levels and vault maps discovered:
D:1:      scummos_arrival_checkerplants, layout_basic
D:2:      layout_basic, serial_shops, nicolae_shop_tiny_glass,
          minmay_goblin_kobold_house
D:3:      layout_loops_ring, mainiacjoe_overflow_24_doors, uniq_jessica,
          uniq_robin, uniq_terence
D:4:      dreamdust_elfheim, layout_loops_corners, portal_sewer_entry_d,
          ldierk_geyser, minmay_misc_feat_rows

Skill      XL: |  1  2  3  4  5  6 |
---------------+-------------------+-----
Shields        | 3 4 |  4.0
Axes           | 2 |  2.3
Dodging        | 3 |  3.6
Long Blades    | 1 2 3 |  3.5
Fighting       | 3 |  3.4
Stealth        | |  0.3

Action                     |  1- 3 |  4- 6 |  7- 9 || total
---------------------------+-------+-------+-------++-------
  Melee: War axe           |    79 |       |       ||    79
         Falchion          |    46 |   207 |     9 ||   262
    Use: Potion            |       |     2 |       ||     2
 Armour: Robe              |   107 |   177 |    13 ||   297
  Dodge: Dodged            |    75 |   105 |     6 ||   186
  Block: Kite shield       |    75 |   107 |     6 ||   188
